 Dungeon Crawl Stone Soup version 0.31-a0-128-g25add195a6 (webtiles) character file.

Game seed: 17228686569063658829

247 Darkkill the Shooter (level 5, -9/46 HPs)
             Began as a Minotaur Hunter on June 1, 2023.
             Mangled by Menkaure (21 damage)
             ... on level 4 of the Dungeon.
             The game lasted 00:02:21 (2599 turns).

Darkkill the Shooter (Minotaur Hunter)              Turns: 2599, Time: 00:02:22

Health: -9/46      AC:  4    Str: 16    XL:     5   Next: 85%
Magic:  0/4        EV: 13    Int:  6    God:
Gold:   29         SH:  0    Dex: 15    Spells: 4/4 levels left

rFire   . . .        a - +0 shortbow
rCold   . . .        (shield currently unavailable)
rNeg    . . .        c - +0 leather armour
rPois   .            (helmet restricted)
rElec   .            (no cloak)
rCorr   .            g - +0 pair of gloves
SInv    .            (no boots)
Will    .....        m - amulet of guardian spirit
Stlth   ++           (no ring)
HPRegen 0.27/turn    (no ring)
MPRegen 0.09/turn

%: guardian spirit
@: no status effects
A: horns 2, retaliatory headbutt
a: no special abilities


You were on level 4 of the Dungeon.
You visited 1 branch of the dungeon, and saw 4 of its levels.

You collected 29 gold pieces.

Inventory:

Hand Weapons
 a - a +0 shortbow (weapon)
Missiles
 d - 24 stones
 l - 6 atropa-tipped darts
 o - 3 boomerangs
 p - 4 poisoned darts
Armour
 c - a +0 leather armour (worn)
 g - a +0 pair of gloves (worn)
Jewellery
 m - an amulet of guardian spirit (around neck)
Scrolls
 b - a scroll of butterflies
 i - a scroll of magic mapping
Potions
 f - 2 potions of attraction {unknown}
 h - 2 potions of curing {@q1}
 j - 2 potions of enlightenment {unknown}
 n - a potion of degeneration {unknown}
 s - a potion of haste {unknown}


   Skills:
 + Level 4.2 Fighting
 + Level 5.4 Ranged Weapons
 + Level 3.9 Dodging
 + Level 2.5 Stealth


You had 4 spell levels left.
You didn't know any spells.
Your spell library contained the following spells:

 Spells                   Type           Power      Damage    Failure   Level
 Magic Dart               Conj           0%         1d3       52%         1
 Searing Ray              Conj           0%         2d4       67%         2
 Fulminant Prism          Conj/Hex       0%         3d5       99%         4


Dungeon Overview and Level Annotations

Branches:
Dungeon (4/15)
 Temple: D:4-7

Altars:
Makhleb
Ru
Vehumet
Zin

Shops:
D:2 =

Annotations:
D:4 Menkaure


Innate Abilities, Weirdness & Mutations

You have a pair of horns on your head.
You reflexively headbutt those who attack you in melee.


Message History

You are too injured to fight recklessly!
You are too injured to fight recklessly!
You are too injured to fight recklessly!
You are too injured to fight recklessly!
You are too injured to fight recklessly!
You are too injured to fight recklessly!
You are too injured to fight recklessly!
You are too injured to fight recklessly!
You are too injured to fight recklessly!
You shoot an arrow.
The arrow closely misses the orc priest.
The orc priest hits you with a +0 flail.
You shoot an arrow. The arrow barely misses the orc priest.
The orc priest barely misses you. You furiously retaliate!
You headbutt the orc priest. You shoot an arrow. The arrow hits the orc priest.
The orc priest is severely wounded.
The orc priest hits you with a +0 flail.
You shoot an arrow.
The arrow closely misses the orc priest.
The orc priest hits you with a +0 flail.
You shoot an arrow.
The arrow closely misses the orc priest.
The orc priest closely misses you. You furiously retaliate!
You headbutt the orc priest. You shoot an arrow.
The arrow closely misses the orc priest.
The orc priest hits you with a +0 flail.
The orc priest looks satisfied for a moment.
You shoot an arrow.
The arrow closely misses the orc priest.
The orc priest hits you with a +0 flail!
* * * LOW HITPOINT WARNING * * *
You shoot an arrow.
The arrow completely misses the orc priest.
The orc priest hits you with a +0 flail.
* * * LOW HITPOINT WARNING * * *
You shoot an arrow. The arrow hits the orc priest.
You kill the orc priest!
Magic restored.
HP restored.
Items here: )))) [.
You see here a +0 club.
Found a stone staircase leading up and a stone staircase leading down.
An orc comes into view. It is wielding a +0 whip.
Found 33 gold pieces.
Found a radiant altar of Vehumet.
You shoot an arrow. The arrow hits the orc.
The orc shouts!
The orc is severely wounded.
An orc is nearby!
You shoot an arrow. The arrow barely misses the orc.
A hobgoblin comes into view.
Menkaure, Prince of Dust comes into view.
You shoot an arrow.
Menkaure shouts!
The hobgoblin shouts!
The arrow hits the orc.
You kill the orc!
You shoot an arrow. The arrow hits the hobgoblin.
The hobgoblin is heavily wounded.
Menkaure gestures wildly while chanting.
Menkaure seems to speed up.
You shoot an arrow. The arrow hits the hobgoblin.
The hobgoblin is almost dead.
You shoot an arrow.
The arrow hits the hobgoblin but does no damage.
The hobgoblin is almost dead.
Menkaure calls on the powers of darkness!
Your body is wracked with pain!
Fire: a) +0 shortbow
Press: ? - help, Q - select action, (/) - cycle Shift-Dir - straight line, f/p - hobgoblin
Aim: a hobgoblin (severely wounded, 63% to hit)
You shoot an arrow. The arrow hits the hobgoblin.
The hobgoblin is almost dead.
Menkaure mumbles in an indecipherable tongue.
Fire: a) +0 shortbow
Press: ? - help, Q - select action, (/) - cycle Shift-Dir - straight line, f/p - hobgoblin
Aim: a hobgoblin (almost dead, 63% to hit)
You shoot an arrow. The arrow hits the hobgoblin.
You kill the hobgoblin!
Fire: a) +0 shortbow
Press: ? - help, Q - select action, (/) - cycle Shift-Dir - straight line, f - Menkaure
Aim: Menkaure (fast, 77% to hit)
You shoot an arrow. The arrow hits Menkaure.
Menkaure is moderately damaged.
Menkaure closely misses you.
You feel much better.
Menkaure calls on the powers of darkness!
Your body is wracked with pain!
You shoot an arrow. The arrow hits Menkaure.
Menkaure is moderately damaged.
Menkaure hits you!
* * * LOW HITPOINT WARNING * * *
You shoot an arrow. The arrow hits Menkaure!
Menkaure is heavily damaged.
Menkaure barely misses you.
You feel much better. Menkaure hits you! x2
You shoot an arrow. The arrow barely misses Menkaure.
Menkaure hits you!!
* * * LOW HITPOINT WARNING * * *
You feel better. Menkaure hits you!!
You die...

♣♣.....#.#
#.#.#
#.........
#........#
#.#.#
#.........
#.........
#.#.#
#.........
##.....###
#.####.######..
.###.#.
..#....# #
###.####
#######.#
........#
######.@#
#..M.......
......#<.####
...###..##.#...
>. .).. .#... #
##..# +.$_ ...#
$.$ ...# .$


You could see Menkaure (fast).

Vanquished Creatures
  2 orc priests
  Natasha (thrice) (D:3)
  3 adders
  A worm (D:2)
  3 dart slugs
  7 orcs
  6 bats
  12 endoplasms
  3 goblins
  6 hobgoblins
  6 jackals (D:2)
  A quokka (D:1)
  6 ball pythons
  4 frilled lizards
  3 kobolds
  4 rats
70 creatures vanquished.

Notes
Turn   | Place    | Note
-------+----------+-------------------------------------------
     0 | D:1      | Darkkill the Minotaur Hunter began the quest for the Orb.
     0 | D:1      | Reached XP level 1. HP: 18/18 MP: 0/0
    75 | D:1      | Reached skill level 1 in Stealth
   162 | D:1      | Reached XP level 2. HP: 25/25 MP: 1/1
   619 | D:2      | Found Isawots's One-of-a-Kind Rings.
   643 | D:2      | Reached XP level 3. HP: 31/31 MP: 2/2
  1275 | D:3      | Noticed Natasha
  1284 | D:3      | Killed Natasha
  1285 | D:3      | Reached skill level 5 in Ranged Weapons
  1285 | D:3      | Reached XP level 4. HP: 21/38 MP: 1/3
  1622 | D:3      | Reached XP level 5. HP: 33/46 MP: 2/4
  1631 | D:3      | Noticed Natasha
  1638 | D:3      | Killed Natasha
  1703 | D:3      | Found a burning altar of Makhleb.
  1738 | D:3      | Noticed Natasha
  1744 | D:3      | Killed Natasha
  1789 | D:3      | Found a sacrificial altar of Ru.
  2382 | D:4      | Found a glowing silver altar of Zin.
  2430 | D:4      | HP: 8/46 [orc priest/+0 flail (5)]
  2584 | D:4      | Found a radiant altar of Vehumet.
  2586 | D:4      | Noticed Menkaure
  2598 | D:4      | HP: 5/46 [Menkaure (19)]
  2599 | D:4      | Mangled by Menkaure

Illustrated notes

Levels and vault maps discovered:
D:1:      minmay_arrival_four_houses, layout_rooms
D:2:      layout_basic, nicolae_shop_unique_rings
D:3:      layout_basic, nicolae_ru_sacrificial_ziggurat, lemuel_round_altar,
          minmay_splitting_lines, uniq_natasha
D:4:      layout_basic, zin_academy, amcnicky_altar_gilded, serial_shops,
          nicolae_shop_rolling_square, moated_statue, uniq_menkaure,
          uniq_grinder, uniq_ijyb

Skill      XL: |  1  2  3  4  5 |
---------------+----------------+-----
Stealth        | 1 2 |  2.5
Fighting       | 3 4 |  4.2
Dodging        | 3 |  3.9
Ranged Weapons | 5 |  5.4

Action                     |  1- 3 |  4- 6 || total
---------------------------+-------+-------++-------
   Fire: Shortbow          |   116 |    89 ||   205
    Use: Scroll            |     4 |     1 ||     5
         Potion            |       |     3 ||     3
 Armour: Leather armour    |     4 |     2 ||     6
  Dodge: Dodged            |    28 |    19 ||    47

Table legend: (Time is in decaauts)
 A = Elapsed time spent in this place.
 B = Non-inter-level travel time spent in this place.
 C = Inter-level travel time spent in this place.
 D = Time resting spent in this place.
 E = Time spent auto-exploring this place.
 F = Levels seen in this place.
 G = Mean time per level.
                   A        B        C        D        E       F      G
               +--------+--------+--------+--------+--------+-----+--------+
         Total |   2637 |   2368 |    269 |      0 |   1989 |   4 |  659.2 |
       Dungeon |   2637 |   2368 |    269 |      0 |   1989 |   4 |  659.2 |
               +--------+--------+--------+--------+--------+-----+--------+

Top non-repeatable levels by time:
     D:3: 1128 daAuts
     D:2: 739 daAuts
     D:1: 545 daAuts
     D:4: 223 daAuts

Levels and vault maps discovered:
D:1:      minmay_arrival_four_houses, layout_rooms
D:2:      layout_basic, nicolae_shop_unique_rings
D:3:      layout_basic, nicolae_ru_sacrificial_ziggurat, lemuel_round_altar,
          minmay_splitting_lines, uniq_natasha
D:4:      layout_basic, zin_academy, amcnicky_altar_gilded, serial_shops,
          nicolae_shop_rolling_square, moated_statue, uniq_menkaure,
          uniq_grinder, uniq_ijyb

Table legend: (Time is in decaauts)
 A = Elapsed time spent in this place.
 B = Non-inter-level travel time spent in this place.
 C = Inter-level travel time spent in this place.
 D = Time resting spent in this place.
 E = Time spent auto-exploring this place.
 F = Levels seen in this place.
 G = Mean time per level.
                   A        B        C        D        E       F      G
               +--------+--------+--------+--------+--------+-----+--------+
         Total |   2637 |   2368 |    269 |      0 |   1989 |   4 |  659.2 |
       Dungeon |   2637 |   2368 |    269 |      0 |   1989 |   4 |  659.2 |
               +--------+--------+--------+--------+--------+-----+--------+

Top non-repeatable levels by time:
     D:3: 1128 daAuts
     D:2: 739 daAuts
     D:1: 545 daAuts
     D:4: 223 daAuts

Table legend:
 A = Kills in this place as a percentage of kills in the entire game.
 B = Kills by you in this place as a percentage of kills by you in the entire game.
 C = Kills by friends in this place as a percentage of kills by friends in the entire game.
 D = Other kills in this place as a percentage of other kills in the entire game.
 E = Experience gained in this place as a percentage of experience gained in the entire game.
 F = Experience gained in this place divided by the number of levels of this place that you have seen.
                   A       B       C       D       E      F
               +-------+-------+-------+-------+-------+----------------------
         Total | 100.0 | 100.0 |   N/A |   N/A | 100.0 |  88.2
       Dungeon | 100.0 | 100.0 |   N/A |   N/A | 100.0 |  88.2
               +-------+-------+-------+-------+-------+----------------------
